AoeStats
← Hemingway

Hideout

509649836Analyzed
1v1 RM · 5d ago on Sep 27, 2026· 24m 9s· 2 players
Game mode
Random Map
Map size
Tiny (2 player)
Population
200
Speed
Normal
Resources
Standard
Victory
Conquest
Starting age
Dark Age
Ending age
Imperial Age
RankedLock teamsTeams togetherTeam positionsShared explorationLock speedFull tech treeHidden civsTurbo modeCheats
Victory
Defeat
🇳🇴 Saxons · Norway
1351
+16
🇬🇧 Inca · United Kingdom
1360
-16
lethal_meganoob
8:36 Loom
11:12 Feudal Age
13:03 Fletching
14:14 Double-Bit Axe
19:09 Horse Collar
22:48 Castle Age
22:22 Scale Mail Armor
23:36 Squires
24:04 Chain Mail Armor
Hemingway
5:58 Loom
7:59 Feudal Age
10:13 Fletching
15:05 Double-Bit Axe
15:16 Champi Runner
18:32 Horse Collar
20:04 Arson
23:37 Castle Age
22:04 Scale Mail Armor
23:16 Forging
24:33 Bow Saw
23:47 Champi Warrior
Connection lost

Rejoining the realm…

Still unreachable

The connection could not be restored.

Session expired

The server has moved on; the page needs a fresh start.